Description

standard zvx

Build Order

Get SALT Encoding   

  13  0:15  Overlord  
  17  0:55  Hatchery  
  18  1:00  Extractor  
  18  1:18  Spawning Pool  
  19  1:36  Overlord  
  21  2:07  Queen x2  
  25  2:08  Metabolic Boost  
  25  2:15  Zergling x4  
Spawning Tool Build Advisor. Get it on Overwolf

Go to:

Details

  • Created by: sonder
  • Published on: Jun 26, 2017
  • Modified on: Jul 02, 2017
  • Patch: 3.8.0
Show
View Real Time Build Order
Export as new Build Order

Comments (0)

There are no comments. Be the first!

Create an account to comment!